 Dungeon Crawl Stone Soup version 0.30.0-15-g856e2d3f33 (webtiles) character file.

Game seed: 1670232854712184385

193 dunbruha the Trooper (level 5, -8/47 HPs)
             Began as a Hill Orc Fighter on May 7, 2023.
             Succumbed to Sigmund's poison
             ... on level 3 of the Dungeon on May 19, 2023.
             The game lasted 01:28:11 (3565 turns).

dunbruha the Trooper (Hill Orc Fighter)             Turns: 3565, Time: 01:28:12

Health: -8/47      AC:  8    Str: 21    XL:     5   Next: 72%
Magic:  5/5        EV:  9    Int:  8    God:
Gold:   99         SH:  0    Dex: 10    Spells: 0/4 levels left

rFire   . . .        a - +0 long sword
rCold   . . .        c - +0 buckler
rNeg    . . .        b - +0 scale mail
rPois   .            (no helmet)
rElec   .            (no cloak)
rCorr   .            j - +0 pair of gloves
SInv    +            (no boots)
Will    .....        (no amulet) Stlth
                     l - ring of see invisible
HPRegen 0.27/turn    (no ring)
MPRegen 0.09/turn

%: no passive effects
@: confused, lethally poisoned (-8 -> -44)
A: no striking features
a: no special abilities


You were on level 3 of the Dungeon.
You visited 1 branch of the dungeon, and saw 3 of its levels.

You collected 99 gold pieces.

Inventory:

Hand Weapons
 a - a +0 long sword (weapon)
 n - a +0 dagger
 r - a +2 dagger of speed
Missiles
 p - 4 stones (quivered)
Armour
 b - a +0 scale mail (worn)
 c - a +0 buckler (worn)
 j - a +0 pair of gloves (worn)
 t - a +0 ring mail
Jewellery
 h - a ring of fire
 l - a ring of see invisible (left hand)
Scrolls
 f - a scroll of teleportation {unknown}
 g - 2 scrolls of vulnerability {unknown}
 i - a scroll of torment {unknown}
 m - 3 scrolls of identify {unknown}
Potions
 d - 2 potions of might
 e - a potion of berserk rage {unknown}
 k - a potion of brilliance {unknown}
 o - a potion of mutation {unknown}
 q - a potion of invisibility {unknown}
 s - 2 potions of resistance {unknown}


   Skills:
 + Level 4.5 Fighting
 + Level 4.3 Long Blades
 + Level 4.5 Armour
 + Level 0.9 Dodging
 + Level 3.5 Shields


You couldn't memorise any spells.
You knew the following spells:

 Your Spells              Type           Power      Damage    Failure   Level
a - Petrify               Tmut/Erth      0%         N/A       100%        4

Your spell library contained the following spells:

 Spells                   Type           Power      Damage    Failure   Level
 Metabolic Englaciation   Hex/Ice        0%         N/A       100%        5
 Statue Form              Tmut/Erth      0%         N/A       100%        6


Dungeon Overview and Level Annotations

Branches:
Dungeon (3/15)

Altars:

Annotations:
D:3 Sigmund


Message History

t - a +0 ring mail Sigmund and an endoplasm come into view.
Sigmund is wielding a +3 scythe of venom.
Sigmund shouts!
The endoplasm quivers.
Sigmund points at you and mumbles some strange words.
You are confused.
You're too confused to cast spells.
Sigmund points at you and mumbles some strange words.
You resist with some effort.
Sigmund screams, "Don't try to resist!"
Sigmund gestures at you while chanting.
You are more confused.
You bump into the rock wall.
The endoplasm hits you.
You bump into the rock wall.
Sigmund hits you from afar with a +3 scythe of venom!
You are poisoned.
The endoplasm hits you but does no damage.
You hit the endoplasm.
The endoplasm is heavily wounded.
You feel very sick. The endoplasm freezes you.
You are frozen.
Sigmund hits you from afar with a +3 scythe of venom.
You are lethally poisoned!
The endoplasm hits you but does no damage.
You're too confused to move!
* * * LOW HITPOINT WARNING * * *
You feel very sick. The endoplasm freezes you.
You are frozen.
* * * LOW HITPOINT WARNING * * *
Sigmund screams, "You will never...
NEVER!!!"
Sigmund hits you from afar with a +3 scythe of venom!
* * * LOW HITPOINT WARNING * * *
You are more poisoned.
You're too confused to cast spells.
You hit the endoplasm.
You kill the endoplasm!
You die...

)#...... #
##.....####.#.........
)#####...#
#........#..##†....... .#
#....##.##.##.......).......
.#
###.##....>#.##.....###.......
.##.........>..........#
#.......
....##.##.....#..#.....#
#.......
#..###.##.###.##..######
#....... ...###..<.# #..#..#
###.#...
#....#..######.#@.#####..
......
#....^.<................#
#..##
#....#..######.#@........
#.......# ...#..?....##
#....#..# .... ...####...
######...........## ..
............. . ..............
....#......#...


You could see Sigmund.

Vanquished Creatures
  A scorpion (D:3)
  An orc priest (D:3)
  An orc wizard (D:3)
  2 adders
  2 worms
  2 dart slugs
  2 orcs (D:3)
  4 endoplasms
  2 giant cockroaches
  5 goblins
  4 hobgoblins
  5 jackals
  5 kobolds
  A quokka (D:2)
  4 ball pythons
  6 bats
  2 frilled lizards (D:2)
  7 rats
56 creatures vanquished.

Notes
Turn   | Place    | Note
-------+----------+-------------------------------------------
     0 | D:1      | dunbruha the Hill Orc Fighter began the quest for the Orb.
     0 | D:1      | Reached XP level 1. HP: 19/19 MP: 1/1
    77 | D:1      | Reached XP level 2. HP: 26/26 MP: 2/2
  1291 | D:1      | Upgraded the game from 0.30.0-3-ga4e48a9924 to
                  | 0.30.0-15-g856e2d3f33
  1361 | D:2      | Reached XP level 3. HP: 33/33 MP: 3/3
  2904 | D:2      | Reached XP level 4. HP: 33/40 MP: 4/4
  3187 | D:3      | Reached XP level 5. HP: 12/47 MP: 5/5
  3341 | D:3      | Learned a level 4 spell: Petrify
  3554 | D:3      | Noticed Sigmund
  3564 | D:3      | HP: 2/47 [Sigmund/+3 scythe of venom (7)]
  3565 | D:3      | Succumbed to Sigmund's poison

Illustrated notes

Levels and vault maps discovered:
D:1:      dpeg_arrival_arbitrary_b, layout_basic,
          nicolae_concentric_dashed_squares_wild, grunt_decor_arrowhead
D:2:      layout_basic, serial_bayou_crossing
D:3:      layout_rooms, serial_shops, shop, kennysheep_doodads, uniq_sigmund

Skill      XL: |  1  2  3  4  5 |
---------------+----------------+-----
Fighting       | 4 |  4.5
Armour         | 4 |  4.5
Long Blades    | 3 4 |  4.3
Dodging        | |  0.9
Shields        | |  3.5

Action                     |  1- 3 |  4- 6 || total
---------------------------+-------+-------++-------
  Melee: Long sword        |   140 |    73 ||   213
  Throw: Stone             |       |     1 ||     1
 Armour: Scale mail        |    74 |    54 ||   128
  Dodge: Dodged            |    80 |    40 ||   120
  Block: Buckler           |    45 |    14 ||    59
